Map: [ESL] Goldenaura

Players

Spirit (souL) - Winner!

  • Race: Terran Terran
  • League: Master
  • Spawn Location: 5:00

Stephano

  • Race: Zerg Zerg
  • Spawn Location: 12:00

Event: HomeStory Cup XXIV

VOD

Have the link to the VOD?

Description

Time

  • Played on: Dec. 2, 2023, 6:30 a.m.
  • Length: 13:45

All games in this series

Show
View Real Time Build Order
Export as new Build Order

Spirit Terran - Winner!

Build Orders: Reaper Expand, Hellion Banshee 

Get SALT Encoding   

  12  0:00  SCV  
  13  0:12  SCV  
  14  0:17  Supply Depot  
  14  0:24  SCV  
  15  0:38  SCV  
  15  0:39  Barracks  
  16  0:44  Refinery  
  16  0:50  SCV  
  17  1:03  SCV  
  18  1:15  SCV  
  19  1:27  Orbital Command, Reaper  
  20  1:40  Command Center  
  20  1:50  Supply Depot  
  20  1:53  SCV  
  21  1:59  Marine  
  22  2:05  SCV  
  23  2:15  Factory  
  23  2:17  SCV  
  25  2:25  Barracks Reactor  
  25  2:29  SCV  
  25  2:41  SCV  
  25  2:42  Command Center  
  26  2:52  Orbital Command  
  26  2:53  SCV  
  27  2:59  Starport  
  27  3:04  Refinery  
  27  3:06  SCV  
  28  3:14  Hellion  
  28  3:18  SCV  
  28  3:19  Hellion  
  33  3:21  SCV  
  33  3:24  Barracks Tech Lab  
  34  3:30  SCV  
  34  3:34  SCV  
  36  3:42  Hellion x2  
  36  3:43  SCV  
  36  3:46  SCV  
  42  3:51  Banshee  
  42  3:55  Orbital Command, SCV  
  46  3:56  Cloaking Field  
  46  3:58  SCV  
  46  4:01  Barracks Tech Lab  
  47  4:04  Hellion  
  47  4:07  Hellion, SCV  
  52  4:10  SCV  
  52  4:14  Supply Depot  
  53  4:19  SCV  
  53  4:22  SCV x2  
  56  4:26  Hellion  
  56  4:28  Hellion  
  56  4:31  SCV  
  61  4:35  Banshee, SCV x2  
  66  4:43  SCV  
  66  4:45  Stimpack, Marine  
  68  4:48  SCV  
  68  4:49  Supply Depot  
  68  4:51  Supply Depot  
  69  4:55  Factory Reactor  
  69  4:57  Barracks  
  69  4:58  Orbital Command, Refinery  
  69  5:00  Barracks, Refinery  
  69  5:09  Engineering Bay  
  69  5:10  Marine  
  69  5:11  SCV x2, Engineering Bay  
  72  5:19  Barracks  
  72  5:20  Barracks  
  72  5:23  SCV x2  
  72  5:24  SCV  
  72  5:26  Starport Reactor  
  75  5:28  Marine  
  75  5:35  SCV x2  
  78  5:36  SCV  
  78  5:41  Supply Depot  
  79  5:45  Siege Tank  
  79  5:47  SCV x2  
  79  5:48  SCV  
  79  5:49  Terran Infantry Weapons Level 1  
  85  5:58  Terran Infantry Armor Level 1  
  85  6:03  SCV x2, Marine x5  
  92  6:05  SCV  
  92  6:08  Barracks Reactor x2  
  93  6:12  Supply Depot  
  93  6:14  Supply Depot  
  93  6:24  Combat Shield  
  93  6:34  Siege Tank, SCV, Marine x4  
  93  6:36  SCV, Marine  
  101  6:46  Marine x2  
  90  6:47  Marine  
  90  6:49  Marine  
  90  6:51  Medivac  
  90  6:52  Marine x4  
  90  6:53  Marine  
  94  6:54  SCV x2  
  94  6:56  SCV  
  96  7:03  Bunker  
  96  7:04  Marine x2  
  96  7:05  Bunker, Marine  
  96  7:06  Siege Tank, SCV  
  96  7:07  Medivac  
  105  7:09  Marine x4  
  105  7:14  SCV x2, Marine x2  
  113  7:18  SCV  
  113  7:22  Marine x2  
  98  7:23  Marine  
  98  7:26  SCV  
  98  7:27  Marine x4  
  91  7:32  Marine x2  
  89  7:38  Siege Tank  
  89  7:39  Orbital Command, Marine, SCV  
  89  7:40  Marine  
  89  7:42  Medivac x2  
  98  7:46  Marine  
  99  7:54  Supply Depot  
  99  7:55  Supply Depot  
  99  7:56  Armory, Supply Depot  
  97  8:09  SCV x3, Marine  
  101  8:15  Medivac, Marine x4  
  101  8:16  Siege Tank, Marine  
  109  8:21  Missile Turret, SCV x3  
  109  8:28  Marine  
  109  8:33  SCV  
  110  8:35  Marine  
  110  8:38  Marine, Medivac  
  110  8:39  SCV  
  110  8:40  Marine, SCV  
  116  8:44  Marine  
  116  8:45  Medivac, SCV  
  116  8:47  Terran Infantry Weapons Level 2  
  120  8:51  SCV  
  120  8:52  SCV  
  120  8:53  Supply Depot  
  120  8:54  Supply Depot  
  121  8:57  SCV  
  121  9:00  Terran Infantry Armor Level 2  
  121  9:02  Supply Depot, Marine  
  123  9:03  SCV  
  123  9:04  Marine, Supply Depot  
  123  9:09  Marine x2  
  125  9:14  Marine x2  
  125  9:15  SCV x3  
  130  9:20  Refinery  
  130  9:21  Refinery  
  130  9:22  Marine  
  130  9:23  Bunker  
  131  9:27  SCV  
  131  9:28  Supply Depot  
  134  9:36  SCV  
  134  9:38  Siege Tank, Command Center  
  136  9:39  Marine  
  135  9:46  SCV  
  135  9:47  SCV  
  135  9:48  Marine x2  
  135  9:49  Marauder  
  135  9:50  SCV  
  142  9:57  Marine  
  142  9:58  SCV, Marine  
  142  9:59  SCV  
  143  10:00  Marine  
  143  10:03  SCV  
  143  10:05  Marine  
  145  10:10  Marauder  
  145  10:11  SCV  
  143  10:17  Siege Tank  
  143  10:22  Marine x8  
  143  10:27  Sensor Tower  
  143  10:28  Bunker  
  150  10:31  Marauder  
  150  10:32  Missile Turret  
  151  10:39  Supply Depot  
  151  10:40  Marine x6  
  151  10:41  Supply Depot  
  156  10:42  Medivac  
  156  10:44  Medivac  
  156  10:49  Siege Tank, Marine, SCV  
  165  11:01  SCV  
  165  11:03  SCV  
  166  11:05  SCV  
  166  11:06  Factory  
  166  11:07  Marauder, Marine x3  
  166  11:09  Marine  
  173  11:12  Medivac  
  173  11:13  SCV, Marine  
  173  11:15  SCV  
  177  11:19  SCV  
  177  11:20  Missile Turret  
  177  11:21  Siege Tank  
  181  11:25  SCV  
  181  11:28  Marauder  
  184  11:34  Marine  
  184  11:35  Marine  
  184  11:39  Planetary Fortress  
  186  11:42  Sensor Tower  
  186  11:50  Marine, Marauder  
  186  11:53  Siege Tank  
  191  11:56  Factory Tech Lab  
  191  12:00  Barracks  
  191  12:01  Barracks x2  
  188  12:02  Marine  
  188  12:05  Marine  
  190  12:11  Marauder  
  190  12:12  Supply Depot x2  
  190  12:13  Marine  
  191  12:16  Missile Turret  
  191  12:21  Marine  
  192  12:25  Siege Tank, Marine  
  193  12:31  Siege Tank  
  193  12:33  Marine  
  193  12:34  Marine, Marauder  
  200  12:40  Command Center  
  200  12:42  Ghost Academy  
  196  12:54  Barracks Tech Lab  
  196  12:55  Barracks Tech Lab x2, Marauder  
  196  12:57  Siege Tank  
  195  13:08  Siege Tank, Marine  
  195  13:09  Marine  
  199  13:16  Marauder  
  179  13:42  Missile Turret  
Show
View Real Time Build Order
Export as new Build Order

Stephano Zerg 

Build Orders: Hatch First 

Get SALT Encoding   

  12  0:00  Drone  
  13  0:12  Overlord  
  13  0:17  Drone  
  14  0:30  Drone x2  
  16  0:48  Hatchery  
  15  0:51  Drone  
  15  0:55  Drone  
  17  0:58  Drone  
  18  1:09  Extractor  
  17  1:14  Spawning Pool  
  17  1:16  Drone  
  17  1:20  Drone  
  18  1:27  Drone  
  19  1:38  Drone  
  20  1:49  Drone  
  21  2:00  Queen x2  
  25  2:01  Zergling x4  
  27  2:10  Drone  
  27  2:13  Overlord  
  28  2:21  Hatchery  
  27  2:23  Drone  
  28  2:34  Drone x3  
  31  2:41  Queen  
  33  2:45  Drone  
  33  2:47  Overlord  
  33  2:50  Metabolic Boost  
  34  2:57  Drone  
  34  2:58  Drone  
  36  3:08  Drone x2  
  36  3:11  Drone x2  
  36  3:12  Drone  
  41  3:22  Drone x2  
  41  3:25  Queen  
  41  3:26  Extractor  
  44  3:29  Overlord  
  45  3:36  Drone x2  
  45  3:39  Drone x2  
  49  3:46  Zergling x2  
  49  3:47  Drone  
  51  3:50  Drone x2  
  53  3:56  Drone x5  
  53  4:00  Overlord  
  58  4:05  Overlord  
  58  4:07  Lair  
  58  4:09  Extractor  
  57  4:11  Drone  
  57  4:12  Extractor, Roach Warren  
  57  4:13  Zergling x2  
  57  4:14  Zergling x2  
  58  4:20  Drone  
  58  4:21  Drone  
  58  4:24  Drone x3  
  62  4:28  Drone x3  
  66  4:31  Queen  
  66  4:32  Evolution Chamber  
  66  4:33  Evolution Chamber  
  66  4:34  Zergling x2  
  70  4:38  Drone x4  
  70  4:40  Drone  
  69  4:50  Zergling x8  
  69  4:51  Overlord  
  73  4:54  Overlord  
  73  4:55  Spore Crawler  
  73  4:59  Zerg Ground Armor Level 1  
  72  5:01  Zerg Missile Weapons Level 1  
  72  5:08  Hatchery  
  72  5:10  Zergling x8  
  75  5:17  Glial Reconstitution, Overlord  
  75  5:19  Overlord  
  75  5:22  Extractor  
  75  5:23  Drone x2, Extractor  
  75  5:24  Drone x3  
  75  5:25  Drone  
  75  5:26  Overseer  
  79  5:36  Overlord x2  
  79  5:38  Roach x5  
  89  5:48  Roach x5  
  99  5:50  Overlord  
  99  5:59  Roach x3  
  99  6:01  Spore Crawler  
  100  6:09  Roach x5  
  111  6:15  Overlord  
  111  6:19  Roach  
  111  6:20  Roach  
  115  6:29  Roach x5  
  115  6:30  Roach x4  
  128  6:43  Roach  
  128  6:44  Roach x6  
  134  6:54  Roach x3  
  134  7:00  Ravager  
  139  7:02  Overlord  
  139  7:03  Zergling x8  
  143  7:08  Overlord  
  137  7:19  Roach x4  
  130  7:26  Roach x3  
  112  7:34  Roach x3  
  112  7:37  Drone x2  
  109  7:39  Drone x2  
  109  7:42  Drone  
  110  7:45  Drone x2  
  110  7:48  Drone x2  
  110  7:50  Drone  
  110  7:51  Drone  
  110  7:53  Drone  
  110  7:56  Drone x2  
  111  8:02  Drone x4  
  115  8:08  Drone x3  
  115  8:11  Drone x3  
  117  8:20  Drone x7  
  114  8:28  Drone x3  
  114  8:29  Drone x3  
  112  8:39  Zerg Ground Armor Level 2, Zerg Missile Weapons Level 2  
  112  8:51  Roach  
  112  8:52  Roach x7  
  112  8:55  Overlord  
  126  9:01  Extractor  
  126  9:02  Roach x6  
  137  9:14  Roach x7  
  151  9:18  Overlord  
  151  9:19  Extractor  
  151  9:20  Extractor  
  151  9:23  Ravager x3  
  152  9:24  Ravager  
  152  9:27  Overlord  
  152  9:30  Roach x3  
  159  9:42  Overlord x2  
  156  9:45  Overlord  
  156  9:52  Roach x2  
  160  9:53  Overlord  
  160  9:54  Tunneling Claws  
  160  9:55  Burrow  
  154  10:07  Roach x8  
  154  10:08  Roach x2  
  174  10:17  Hatchery  
  169  10:21  Roach x6  
  179  10:31  Roach x3  
  179  10:34  Overlord x3  
  185  10:36  Overlord  
  185  10:42  Overlord  
  185  10:43  Overlord  
  185  10:46  Ravager  
  186  10:57  Roach x8  
  200  10:59  Roach x2  
  198  11:20  Roach  
  198  11:23  Overlord  
  200  11:26  Overlord  
  200  11:27  Lair  
  200  11:31  Overlord  
  200  11:34  Overlord  
  200  11:40  Roach x13  
  200  12:01  Roach x12  
  200  12:02  Overlord  
  200  12:06  Roach x13  
  200  12:11  Overlord  
  200  12:17  Overlord  
  200  12:21  Hatchery  
  193  12:28  Drone x3  
  193  12:29  Drone x2  
  182  12:32  Infestation Pit  
  182  12:36  Ravager  
  182  12:37  Ravager x7  
  177  12:38  Ravager x2  
  177  12:40  Queen x2  
  191  13:05  Roach x12  
  199  13:14  Roach x3  
  199  13:15  Roach x2  
  199  13:16  Roach x2  
  199  13:17  Roach  
  193  13:21  Roach x5  
  193  13:24  Roach Warren  
Tags
 
Add a new tag
Caveats
  • Supply blocks, unpowered buildings, or Contaminate may cause inaccurate times.
  • Supply counts are checked every 10 seconds.